 Dungeon Crawl Stone Soup version 0.29-a0-380-gf50f0a9fbc (webtiles) character file.

Game seed: 8333663985102835510

2 swappor the Shield-Bearer (level 1, -13/20 HPs)
             Began as a Minotaur Fighter on May 5, 2022.
             Mangled by a kobold
             ... wielding a +2 whip of electrocution
              (19 damage)
             ... on level 1 of the Dungeon.
             The game lasted 00:01:13 (82 turns).

swappor the Shield-Bearer (Minotaur Fighter)          Turns: 82, Time: 00:01:13

Health: -13/20     AC:  6    Str: 20    XL:     1   Next: 25%
Magic:  0/0        EV:  9    Int:  5    God:
Gold:   10         SH:  4    Dex:  9    Spells: 0/0 levels left

rFire   . . .      SeeInvis .   a - +0 war axe
rCold   . . .      Faith    .   c - +0 buckler
rNeg    . . .      Spirit   .   b - +0 scale mail
rPois   .          Reflect  .   (helmet restricted)
rElec   .          Harm     .   (no cloak)
rCorr   .          Rampage  .   (no gloves)
Will    .....                   (no boots)
Stlth   ..........              (no amulet)
HPRegen 0.06/turn               (no ring)
MPRegen 0.07/turn               (no ring)

@: no status effects
A: horns 2, retaliatory headbutt
a: no special abilities


You were on level 1 of the Dungeon.
You visited 1 branch of the dungeon, and saw 1 of its levels.

You collected 10 gold pieces.

Inventory:

Hand Weapons
 a - a +0 war axe (weapon)
Missiles
 s - 18 stones (quivered)
Armour
 b - a +0 scale mail (worn)
 c - a +0 buckler (worn)
Scrolls
 d - a scroll of teleportation {unknown}
Potions
 M - a potion of might


   Skills:
 - Level 3.6 Fighting
 + Level 2.5 Axes
 - Level 3.6 Armour
 - Level 3.6 Shields


You couldn't memorise any spells.
You didn't know any spells.
Your spell library was empty.

Dungeon Overview and Level Annotations

Branches:
Dungeon (1/15)

Altars:


Innate Abilities, Weirdness & Mutations

You have a pair of horns on your head.
You reflexively headbutt those who attack you in melee.


Message History

Bad channel name for runrest: 'Jiyva says: Divide and consume' Welcome, swappor the Minotaur Fighter.
The terrific Orb of Zot lies far below, as if waiting for you to find it.
Found a staircase leading out of the dungeon.
There is a staircase leading out of the dungeon here.
A quokka comes into view.
You see here a scroll labelled LIOSTO QIFFIZO.
You slash the quokka!
You kill the quokka!
Health restored: 20 Setting a skill training target for Axes at 16.0.
d - a scroll labelled LIOSTO QIFFIZO You now have 10 gold pieces.
A ball python comes into view.
The ball python hisses angrily.
You slash the ball python!
You kill the ball python!
You see here a ball python corpse.
s - 22 stones (quivered)
A kobold comes into view.
It is wielding a +2 whip of electrocution.
Throw: 22 stones
Aim: a kobold, wielding a +2 whip of electrocution (45% to hit)
You throw a stone. The stone barely misses the kobold.
Throw: 21 stones
Aim: a kobold, wielding a +2 whip of electrocution (45% to hit)
You throw a stone. The stone closely misses the kobold.
Throw: 20 stones
Aim: a kobold, wielding a +2 whip of electrocution (45% to hit)
You throw a stone.
The stone hits the kobold but does no damage.
Throw: 19 stones
Aim: a kobold, wielding a +2 whip of electrocution (45% to hit)
You throw a stone. The stone barely misses the kobold.
You miss the kobold. You headbutt the kobold.
The kobold hits you with a +2 whip of electrocution.
You are electrocuted!
Ouch! That really hurt!
* * * LOW HITPOINT WARNING * * *
You take 14 damage, and have 6/20 hp.
MASSIVE DAMAGE!!
You closely miss the kobold. The kobold hits you but does no damage.
You are electrocuted!!
Ouch! That really hurt!
You die...

...... ..((.
.....#....
....#...###
...#..... ..#(..#
###.#...#
...#...#K..#
.......@...# #.8...
...#.#.#...# +.....
#.#...# .....
#.#...# 8...
#.#...# ##...
#.#...# ##..##
#.#...########..#..
#.#................
#################


You could see a kobold.

Vanquished Creatures
  A quokka (D:1)
  A ball python (D:1)
2 creatures vanquished.

Notes
Turn   | Place    | Note
-------+----------+-------------------------------------------
     0 | D:1      | swappor the Minotaur Fighter began the quest for the Orb.
     0 | D:1      | Reached XP level 1. HP: 19/19 MP: 0/0
    82 | D:1      | Mangled by a kobold

Illustrated notes

Levels and vault maps discovered:
D:1:      erik_arrival_cave_to_civilisation [erik_arrival_cave_to_temple],
          layout_basic

Action                   || total
-------------------------++-------
Melee: War axe           ||     4
       Headbutt          ||     1
Throw: Stone             ||     4
Armor: Scale mail        ||     1

Table legend: (Time is in decaauts)
 A = Elapsed time spent in this place.
 B = Non-inter-level travel time spent in this place.
 C = Inter-level travel time spent in this place.
 D = Time resting spent in this place.
 E = Time spent auto-exploring this place.
 F = Levels seen in this place.
 G = Mean time per level.
                   A        B        C        D        E       F      G
               +--------+--------+--------+--------+--------+-----+--------+
         Total |     83 |     83 |      0 |      0 |      0 |   1 |   83.0 |
       Dungeon |     83 |     83 |      0 |      0 |      0 |   1 |   83.0 |
               +--------+--------+--------+--------+--------+-----+--------+

Top non-repeatable levels by time:
     D:1: 83 daAuts

Table legend:
 A = Kills in this place as a percentage of kills in entire the game.
 B = Kills by you in this place as a percentage of kills by you in the entire game.
 C = Kills by friends in this place as a percentage of kills by friends in the entire game.
 D = Other kills in this place as a percentage of other kills in the entire game.
 E = Experience gained in this place as a percentage of experience gained in the entire game.
 F = Experience gained in this place divided by the number of levels of this place that you have seen.
                   A       B       C       D       E      F
               +-------+-------+-------+-------+-------+----------------------
         Total | 100.0 | 100.0 |   N/A |   N/A | 100.0 |   3.0
       Dungeon | 100.0 | 100.0 |   N/A |   N/A | 100.0 |   3.0
               +-------+-------+-------+-------+-------+----------------------
